 Seeded DCSS version 0.27-a0-1188-g73eefd5def (webtiles) character file.

Game seed: 16767568107801894396 (custom seed)

1234 Shayle the Sneak (level 8, -2/63 HPs)
             Began as a Demonspawn Enchanter on May 22, 2021.
             Was an Initiate of Wu Jian.
             Shot with an arrow by a centaur (12 damage)
             ... on level 6 of the Dungeon.
             The game lasted 00:16:59 (6671 turns).

Shayle the Sneak (Demonspawn Enchanter)             Turns: 6671, Time: 00:17:00

Health: -2/63      AC:  8    Str: 11    XL:     8   Next: 24%
Magic:  20/20      EV: 13    Int: 17    God:    Wu Jian [......]
Gold:   1091       SH:  5    Dex: 15    Spells: 8/11 levels left

rFire    . . .     SeeInvis .   k - +2 demon blade (freeze)
rCold    . . .     Faith    .   m - +2 buckler
rNeg     . . .     Spirit   .   b - +0 robe
rPois    .         Reflect  .   (helmet restricted)
rElec    .         Harm     .   r - +0 cloak
rCorr    .         Rampage  +   y - +2 pair of gloves
Will     .....                  g - +1 pair of boots {rampage}
Stlth    ++++......             (no amulet)
HPRegen  0.20/turn              d - ring of magical power
MPRegen  0.17/turn              (no ring)

@: no status effects
A: horns 2, thin skeletal structure 1, powered by death 1, powered by pain 1
a: Renounce Religion


You were on level 6 of the Dungeon.
You worshipped Wu Jian.
Wu Jian was noncommittal.
You visited 2 branches of the dungeon, and saw 7 of its levels.

You collected 1351 gold pieces.
You spent 260 gold pieces at shops.

Inventory:

Hand Weapons
 a - a +1 dagger
 h - a +0 scythe
 k - a +2 demon blade of freezing (weapon)
 u - the +1 hunting sling of the Extremes {speed, Int+2}
   (You found it on level 4 of the Dungeon)

   Attacks with this weapon are significantly faster.
   It affects your intelligence (+2).
Missiles
 c - 23 poisoned darts (quivered)
Armour
 b - a +0 robe (worn)
 g - a +1 pair of boots of rampaging (worn)
 m - a +2 buckler (worn)
 r - a +0 cloak (worn)
 y - a +2 pair of gloves (worn)
Jewellery
 d - a ring of magical power (left hand)
 x - an amulet of faith
Wands
 w - a wand of iceblast (10)
Scrolls
 e - a scroll of enchant armour {unknown}
 f - a scroll of amnesia {unknown}
 i - 2 scrolls of vulnerability {unknown}
 n - a scroll of torment {unknown}
 o - 4 scrolls of identify {unknown}
 q - a scroll of teleportation {unknown}
 t - a scroll of holy word {unknown}
 v - 2 scrolls of blinking {unknown}
Potions
 j - a potion of invisibility {unknown}
 l - 3 potions of flight {unknown}
 p - 2 potions of berserk rage {unknown}
 s - 2 potions of attraction {unknown}
 z - a potion of curing {unknown}


   Skills:
 + Level 5.5 Fighting
 - Level 0.8 Short Blades
 + Level 5.4 Dodging
 + Level 6.3 Stealth
 - Level 2.0 Spellcasting
 - Level 3.0 Hexes


You had 8 spell levels left.
You knew the following spells:

 Your Spells              Type           Power      Damage    Failure   Level
a - Corona                Hex            12%        N/A       10%         1
b - Ensorcelled Hibernat  Hex/Ice        12%        N/A       26%         2

Your spell library contained the following spells:

 Spells                   Type           Power      Damage    Failure   Level
 Confusing Touch          Hex            11%        N/A       28%         3
 Tukima's Dance           Hex            11%        N/A       28%         3
 Animate Skeleton         Necr           2%         N/A       32%         1
 Apportation              Tloc           2%         N/A       32%         1
 Beastly Appendage        Tmut           2%         N/A       32%         1
 Summon Small Mammal      Summ           4%         N/A       32%         1
 Corpse Rot               Necr/Air       N/A        N/A       43%         2
 Wereblood                Tmut           1%         N/A       43%         2
 Dazzling Flash           Conj/Hex       12%        N/A       45%         3
 Gell's Gravitas          Tloc           0%         N/A       67%         3
 Spider Form              Tmut/Pois      0%         N/A       67%         3
 Stone Arrow              Conj/Erth      2%         3d7       67%         3
 Ice Form                 Ice/Tmut       1%         N/A       97%         4
 Petrify                  Tmut/Erth      1%         N/A       97%         4
 Metabolic Englaciation   Hex/Ice        3%         N/A       99%         5
 Yara's Violent Unravell  Hex/Tmut       3%         3d4       99%         5
 Hydra Form               Tmut           0%         N/A       100%        5
 Summon Forest            Summ/Tloc      0%         N/A       100%        5
 Eringya's Noxious Bog    Tmut/Pois      0%         N/A       100%        6
 Summon Hydra             Summ           0%         N/A       100%        7


Dungeon Overview and Level Annotations

Branches:
Dungeon (6/15)             Temple (1/1) D:5

Altars:
Cheibriados
Elyvilon
Fedhas
Gozag
Hepliaklqana
Makhleb
Nemelex Xobeh
Okawaru
Ru
Uskayaw
Vehumet
Wu Jian
Xom
Zin
The Shining One

Shops:
D:1 !   D:2 ::!(*   D:5 [(   D:6 [

Annotations:
D:3 3 runed translucent doors, LRDRuiner's ghost, amateur DDFi; Orlauf's ghost, amateur DsGl


Innate Abilities, Weirdness & Mutations

You have a pair of horns on your head.
You have a somewhat thin skeletal structure. (Dex +2, Stealth+)
You regenerate a little health from kills.
You sometimes gain a little power by taking damage.


Message History

You hit the orc warrior. You freeze the orc warrior.
The orc warrior is severely wounded.
The orc warrior closely misses you.
You riposte.
You hit the orc warrior. You freeze the orc warrior.
Your headbutt misses the orc warrior.
The orc warrior is almost dead.
The orc warrior hits you with a +0 mace!
* * * LOW HITPOINT WARNING * * *
You barely miss the orc warrior.
The orc warrior is almost dead.
You block the orc warrior's attack.
Unknown command.
You hit the orc warrior but do no damage.
The orc warrior is almost dead.
The orc warrior splashes around in the water.
The orc warrior hits you but does no damage.
Unknown command.
You hit the orc warrior but do no damage.
The orc warrior is almost dead.
The orc warrior hits you with a +0 mace.
* * * LOW HITPOINT WARNING * * *
Unknown command.
You slash the orc warrior! You freeze the orc warrior.
You kill the orc warrior!
The Council accepts your kill.
You hear a splash. x2
The centaur shoots an arrow.
The arrow barely misses you.
The centaur shoots an arrow.
The arrow hits you!
* * * LOW HITPOINT WARNING * * *
The arrow burns you.
* * * LOW HITPOINT WARNING * * *
Okay, then.
Okay, then.
Aiming: Iceblast
Press: ? - help, Shift-Dir - straight line, f - centaur
Aim: a centaur, wielding a +0 shortbow of flaming and quivering arrows The mass of ice explodes!
The iceblast engulfs the centaur!
The centaur is moderately wounded.
A bullfrog zombie comes into view.
The centaur shoots an arrow.
The arrow hits you!
You die...

#######.########..####.
##.............#... .#####
#..............#...
.P[.P.#♣..............#...
≈≈≈≈≈≈≈≈..............#...
P≈≈.≈≈.≈≈♣............+...
≈P≈≈≈≈≈≈≈.+####.....###...
.≈≈≈≈≈c≈)....######## ####
≈≈≈≈≈.≈≈♣@....... .....
≈≈≈≈.≈.♣........Z .....
.P...♣........... >....
########......... #####
≈♣#######. ♣♣


You could see a centaur and a bullfrog zombie.

Vanquished Creatures
  An ogre (D:4)
  An orc warrior (D:6)
  2 necrophages
  A phantom (D:6)
  3 scorpions
  A water moccasin skeleton (D:4)
  A wyvern skeleton (D:3)
  An electric eel (D:6)
  A howler monkey (D:6)
  A bullfrog zombie (D:6)
  2 hounds
  A jelly (D:5)
  A bullfrog skeleton (D:5)
  Jessica (D:2)
  Terence (D:3)
  4 iguanas
  A hound skeleton (D:5)
  A howler monkey skeleton (D:6)
  3 adders
  3 worms
  5 dart slugs
  9 orcs
  3 endoplasms
  4 giant cockroaches
  4 goblins
  8 hobgoblins
  15 jackals
  2 kobolds
  7 quokkas
  8 ball pythons
  9 bats
  2 frilled lizards
  5 rats
112 creatures vanquished.

Vanquished Creatures (others)
  A plant (D:6)
  6 withered plants (D:3)
7 creatures vanquished.

Grand Total: 119 creatures vanquished

Notes
Turn   | Place    | Note
-------+----------+-------------------------------------------
     0 | D:1      | Shayle the Demonspawn Enchanter began the quest for the
                  | Orb.
     0 | D:1      | Reached XP level 1. HP: 13/13 MP: 3/3
   513 | D:1      | Gained mutation: You regenerate a little health from kills.
                  | [demonic ancestry]
   513 | D:1      | Reached XP level 2. HP: 20/20 MP: 5/5
   566 | D:1      | Reached skill level 3 in Stealth
   571 | D:1      | Reached skill level 1 in Fighting
   954 | D:1      | Found Diutwad's Distillery.
  1187 | D:1      | Learned a level 2 spell: Ensorcelled Hibernation
  1380 | D:1      | Gained mutation: You have a somewhat thin skeletal
                  | structure. (Dex +2, Stealth+) [demonic ancestry]
  1380 | D:1      | Reached XP level 3. HP: 26/26 MP: 6/6
  2012 | D:2      | Found Teehij's Book Shoppe.
  2031 | D:2      | Noticed Jessica
  2036 | D:2      | Killed Jessica
  2037 | D:2      | Gained mutation: You sometimes gain a little power by
                  | taking damage. [demonic ancestry]
  2037 | D:2      | Reached XP level 4. HP: 33/33 MP: 7/7
  2052 | D:2      | Found Yhugen's Distillery.
  2106 | D:2      | Found Isyupont's Book Shoppe.
  2146 | D:2      | Found Xeatox's Weapon Boutique.
  2370 | D:2      | Found Sidd's Assorted Antiques.
  2373 | D:2      | Bought 2 scrolls labelled ZUMAISOSKEU for 46 gold pieces
  2373 | D:2      | Identified 3 scrolls of acquirement
  2373 | D:2      | Acquired a +2 demon blade of freezing
  2375 | D:2      | Acquired a +1 pair of boots of rampaging
  2376 | D:2      | Acquired 1072 gold pieces
  2603 | D:2      | Found a faded altar of an unknown god.
  3174 | D:3      | Gained mutation: You have a pair of small horns on your
                  | head. [demonic ancestry]
  3174 | D:3      | Reached XP level 5. HP: 39/39 MP: 8/8
  3212 | D:3      | Reached skill level 4 in Stealth
  3711 | D:3      | Found a runed translucent gate.
  3711 | D:3      | Found a runed translucent gate.
  3711 | D:3      | Found a runed translucent gate.
  3724 | D:3      | Noticed Orlauf's ghost (amateur DsGl)
  3724 | D:3      | Noticed LRDRuiner's ghost (amateur DDFi)
  3839 | D:3      | Noticed Terence
  3849 | D:3      | Killed Terence
  4433 | D:4      | Reached XP level 6. HP: 36/47 MP: 9/9
  4607 | D:4      | Identified the +1 hunting sling of the Extremes {speed,
                  | Int+2}
  4975 | D:4      | Reached skill level 5 in Stealth
  4975 | D:4      | Reached XP level 7. HP: 39/54 MP: 10/10
  5304 | D:5      | Entered Level 5 of the Dungeon
  5304 | D:5      | Found Vaseimnedi's Antique Armour Emporium.
  5633 | D:5      | Found a staircase to the Ecumenical Temple.
  5642 | Temple   | Entered the Ecumenical Temple
  5703 | Temple   | Became a worshipper of the Wu Jian Council
  6108 | D:5      | Reached skill level 5 in Dodging
  6166 | D:5      | Found Wumesok's Antique Weapon Shop.
  6266 | D:6      | Reached skill level 5 in Fighting
  6270 | D:6      | Reached skill level 6 in Stealth
  6270 | D:6      | Gained mutation: You have a pair of horns on your head.
                  | [demonic ancestry]
  6270 | D:6      | Reached XP level 8. HP: 26/62 MP: 11/11
  6626 | D:6      | Found Coam's Armour Boutique.
  6629 | D:6      | Bought a +2 pair of gloves for 214 gold pieces
  6671 | D:6      | Shot with an arrow by a centaur

Illustrated notes

Levels and vault maps discovered:
D:1:      dpeg_arrival_pits, layout_loops_ring, serial_shops, shop,
          minmay_pentomino_w4
D:2:      layout_basic, serial_shops, nicolae_shop_behind_doors, shop,
          shop_statue, shop, nicolae_shop_statue_plus,
          shapermc_ecumenical_altar_totnotflames, uniq_jessica
D:3:      layout_loops_corners, good_gods_mini_temple, gammafunk_ghost_cemetery,
          uniq_terence, uniq_crazy_yiuf_cottage
D:4:      layout_rooms, minmay_misc_feat_tower, minivault_11
D:5:      layout_basic, minmay_temple_entry_junction, serial_shops,
          nicolae_shop_waterfront, shop
D:6:      layout_gridville, gammafunk_temple_overflow_claw, serial_bayou,
          serial_bayou_pond_b, serial_bayou_pond_a, serial_bayou_lagoon_b,
          serial_shops, kennysheep_little_box, kennysheep_mini, shop, shop,
          uniq_blork_the_orc
Temple:   nicolae_temple_hex_pool

Skill      XL: |  1  2  3  4  5  6  7 |
---------------+----------------------+-----
Dodging        | 2 3 4 5 |  5.4
Stealth        | 3 4 5 6 |  6.3
Fighting       | 1 2 3 4 5 |  5.5
Short Blades   | |  0.8
Spellcasting   | |  2.0
Hexes          | |  3.0

Action                   |  1- 3 |  4- 6 |  7- 9 || total
-------------------------+-------+-------+-------++-------
Melee: Dagger            |   100 |    19 |       ||   119
       Demon blade       |       |    84 |    58 ||   142
       Headbutt          |       |     9 |    11 ||    20
Throw: Dart              |     9 |    10 |       ||    19
 Cast: Corona            |     2 |       |       ||     2
       Ensorcelled Hiber |    18 |    15 |       ||    33
Evoke: Wand              |       |       |     1 ||     1
  Use: Scroll            |       |     3 |       ||     3
 Stab: Sleeping          |    17 |    28 |     6 ||    51
       Distracted        |       |     1 |     1 ||     2
Armor: Robe              |    34 |    14 |    12 ||    60
Dodge: Dodged            |    87 |    61 |    32 ||   180
Block: Buckler           |       |    23 |    11 ||    34
       Rpst.: Demon blade |       |    15 |    15 ||    30

Table legend: (Time is in decaauts)
 A = Elapsed time spent in this place.
 B = Non-inter-level travel time spent in this place.
 C = Inter-level travel time spent in this place.
 D = Time resting spent in this place.
 E = Time spent auto-exploring this place.
 F = Levels seen in this place.
 G = Mean time per level.
                   A        B        C        D        E       F      G
               +--------+--------+--------+--------+--------+-----+--------+
         Total |   6721 |   6623 |     98 |   1277 |   3962 |   7 |  960.1 |
       Dungeon |   6635 |   6537 |     98 |   1277 |   3914 |   6 | 1105.8 |
        Temple |     85 |     85 |      0 |      0 |     48 |   1 |   85.0 |
               +--------+--------+--------+--------+--------+-----+--------+

Top non-repeatable levels by time:
     D:1: 1972 daAuts
     D:3: 1230 daAuts
     D:2: 1127 daAuts
     D:4: 999 daAuts
     D:5: 827 daAuts
     D:6: 477 daAuts
  Temple: 85 daAuts
